 Dungeon Crawl Stone Soup version 0.29.1-1-gd02db6906a (webtiles) character file.

Game seed: 620932427101715584

1043 cdecastro the Cleaver (level 8, -3/62 HPs)
             Began as a Palentonga Fighter on Oct 12, 2022.
             Was an Elder of Nemelex Xobeh.
             Slain by an orc warrior
             ... wielding a +0 glaive
              (16 damage)
             ... on level 6 of the Dungeon.
             The game lasted 00:10:41 (5262 turns).

cdecastro the Cleaver (Palentonga Fighter)          Turns: 5262, Time: 00:10:42

Health: -3/62      AC: 16    Str: 22    XL:     8   Next: 4%
Magic:  8/8        EV: 11    Int:  9    God:    Nemelex Xobeh [****..]
Gold:   225        SH:  4    Dex: 11    Spells: 7/7 levels left

rFire   + . .      SeeInvis +   a - +0 war axe
rCold   . . .      Faith    .   c - +0 buckler
rNeg    . . .      Spirit   .   b - +0 scale mail
rPois   .          Reflect  .   k - +0 helmet
rElec   .          Harm     .   C - +0 cloak
rCorr   .          Rampage  .   x - +0 pair of gloves
Will    .....                   (no barding)
Stlth   ..........              (no amulet)
HPRegen 0.20/turn               e - ring of protection from fire
MPRegen 0.11/turn               y - +4 ring of evasion

@: curled up
A: large, rugged brown scales 3, see invisible, deformed body, roll 1, armoured
tail, reflexive curl
a: Rolling Charge, Renounce Religion, Draw Escape, Draw Destruction, Draw
Summoning, Triple Draw, Deal Four


You were on level 6 of the Dungeon.
You worshipped Nemelex Xobeh.
Nemelex Xobeh was greatly pleased with you.
You visited 2 branches of the dungeon, and saw 7 of its levels.

You collected 269 gold pieces.
You spent 44 gold pieces at shops.

Inventory:

Hand Weapons
 a - a +0 war axe (weapon)
Missiles
 h - 41 stones
 r - 21 poisoned darts
 B - a boomerang
Armour
 b - a +0 scale mail (worn)
 c - a +0 buckler (worn)
 k - a +0 helmet (worn)
 x - a +0 pair of gloves (worn)
 C - a +0 cloak (worn)
Magical Staves
 v - a staff of death
Jewellery
 e - a ring of protection from fire (left hand)
 y - a +4 ring of evasion (right hand)
Wands
 E - a wand of charming (12)
Scrolls
 f - 2 scrolls of immolation {unknown}
 i - a scroll of fear {unknown}
 n - 3 scrolls of magic mapping {unknown}
 p - a scroll of amnesia {unknown}
 q - a scroll of enchant weapon {unknown}
 t - 2 scrolls of identify {unknown}
 u - a scroll of vulnerability {unknown}
 w - a scroll of teleportation {unknown}
 A - 2 scrolls of fog {unknown}
 D - a scroll of poison
Potions
 d - a potion of might
 g - 2 potions of curing {unknown}
 j - a potion of resistance {unknown}
 l - a potion of degeneration {unknown}
 m - a potion of ambrosia {unknown}
 o - 3 potions of haste {unknown}
 s - a potion of lignification {unknown}
 z - a potion of flight {unknown}


   Skills:
 - Level 3.0 Fighting
 * Level 9.6 Axes
 - Level 2.4 Armour
 - Level 2.6 Shields


You had 7 spell levels left.
You didn't know any spells.
Your spell library contained the following spells:

 Spells                   Type           Power      Damage    Failure   Level
 Magic Dart               Conj           0%         1d3       80%         1
 Searing Ray              Conj           0%         2d4       90%         2
 Static Discharge         Conj/Air       0%         3-3/arc   90%         2
 Dazzling Flash           Conj/Hex       0%         N/A       99%         3
 Animate Dead             Necr           0%         N/A       100%        4
 Dispel Undead            Necr           0%         3d6       100%        4
 Fulminant Prism          Conj/Hex       0%         3d6       100%        4
 Sticky Flame             Conj/Fire      0%         2d3       100%        4
 Agony                    Necr           0%         N/A       100%        5
 Silence                  Hex/Air        0%         N/A       100%        5
 Haunt                    Necr/Summ      0%         N/A       100%        7
 Infestation              Necr           0%         N/A       100%        8


Dungeon Overview and Level Annotations

Branches:
Dungeon (6/15)             Temple (1/1) D:5

Altars:
Cheibriados
Dithmenos
Gozag
Hepliaklqana
Kikubaaqudgha
Nemelex Xobeh
Qazlal
Sif Muna
Vehumet
Wu Jian
Xom
Yredelemnul
Zin
The Shining One

Shops:
D:5 *

Annotations:
D:4 1 runed translucent door, Crazy Yiuf, Edmund


Innate Abilities, Weirdness & Mutations

You are completely covered in rugged brown scales. (AC +3, +7% HP)
You have supernaturally acute eyesight. (SInv)
Armour fits poorly on your strangely shaped body.
You can roll at nearby foes to attack.
You have a long armoured tail.
You curl defensively after being hit. (AC +7*)


Message History

The orc warrior barely misses you.
You closely miss the orc warrior.
The orc warrior is moderately wounded.
The orc warrior hits you but does no damage.
You closely miss the orc warrior.
The orc warrior is moderately wounded.
The orc warrior hits you with a +0 glaive!!
* * * LOW HITPOINT WARNING * * *
You hit the orc warrior.
The orc warrior is heavily wounded.
The orc warrior closely misses you.
You closely miss the orc warrior.
Your tail-slap misses the orc warrior.
The orc warrior is heavily wounded.
You block the orc warrior's attack.
You closely miss the orc warrior.
Your tail-slap misses the orc warrior.
The orc warrior is heavily wounded.
The orc warrior closely misses you.
You barely miss the orc warrior.
The orc warrior is heavily wounded.
The orc warrior closely misses you.
You closely miss the orc warrior. You tail-slap the orc warrior.
The orc warrior is severely wounded.
The orc warrior closely misses you.
You slash the orc warrior!
The orc warrior is almost dead.
You block the orc warrior's attack.
You completely miss the orc warrior.
The orc warrior is almost dead.
The orc warrior hits you with a +0 glaive!!
* * * LOW HITPOINT WARNING * * *
You hit the orc warrior.
You tail-slap the orc warrior, but do no damage.
The orc warrior is almost dead.
The orc warrior barely misses you.
You hit the orc warrior but do no damage.
You tail-slap the orc warrior.
The orc warrior is almost dead.
The orc warrior hits you with a +0 glaive!
You die...
Your body glows with a rainbow of weird colours and disappears.

###.###..#.'..
#..........#..
#..........# #
#..........#
#.........##
##..o......#
#..........#
#####o.........#
#<@ooo##########
#######


You could see an orc warrior, an orc wizard (invisible) and 2 orcs.

Vanquished Creatures
  Eustachio (D:4)
  A sky beast (D:5)
  An ice beast (D:6)
  An ogre (D:5)
  3 scorpions
  A necrophage (D:5)
  A howler monkey (D:4)
  2 hounds (D:5)
  A jelly (D:4)
  3 iguanas
  A mummy (D:4)
  Robin (D:2)
  5 adders
  An ufetubus (D:5)
  A worm (D:4)
  A dart slug (D:5)
  10 orcs (D:5)
  11 endoplasms
  4 giant cockroaches
  14 goblins
  9 hobgoblins
  3 jackals (D:1)
  9 kobolds
  4 quokkas
  6 ball pythons
  4 bats
  2 hobgoblin zombies (D:4)
  A kobold zombie (D:4)
  An orc zombie (D:4)
  7 rats
  A spectral orc (D:5)
111 creatures vanquished.

Vanquished Creatures (others)
  3 fungi
3 creatures vanquished.

Grand Total: 114 creatures vanquished

Notes
Turn   | Place    | Note
-------+----------+-------------------------------------------
     0 | D:1      | cdecastro the Palentonga Fighter began the quest for the
                  | Orb.
     0 | D:1      | Reached XP level 1. HP: 19/19 MP: 1/1
   200 | D:1      | Reached XP level 2. HP: 20/25 MP: 2/2
   286 | D:1      | Found a faded altar of an unknown god.
   301 | D:1      | Reached skill level 3 in Axes
   322 | D:1      | Prayed at the altar of an unknown god.
   322 | D:1      | Became a worshipper of Nemelex Xobeh the Trickster
   322 | D:1      | Reached * piety under Nemelex Xobeh
   523 | D:1      | Reached XP level 3. HP: 29/31 MP: 3/3
   743 | D:1      | Received a gift from Nemelex Xobeh
   970 | D:2      | Noticed Robin
  1061 | D:1      | Reached skill level 4 in Axes
  1290 | D:2      | Killed Robin
  1291 | D:2      | Reached XP level 4. HP: 33/37 MP: 4/4
  1568 | D:2      | Reached ** piety under Nemelex Xobeh
  2176 | D:3      | Found a radiant altar of Vehumet.
  2268 | D:3      | Found a shimmering blue altar of Sif Muna.
  2601 | D:4      | Reached skill level 5 in Axes
  2984 | D:4      | Found an opulent altar of Gozag.
  2996 | D:4      | Reached *** piety under Nemelex Xobeh
  2997 | D:4      | Received a gift from Nemelex Xobeh
  2999 | D:4      | Noticed Eustachio
  3002 | D:4      | Reached XP level 5. HP: 43/43 MP: 5/5
  3103 | D:4      | Killed Eustachio
  3104 | D:4      | Reached skill level 6 in Axes
  3104 | D:4      | Reached XP level 6. HP: 37/50 MP: 6/6
  3253 | D:4      | Reached skill level 7 in Axes
  3631 | D:4      | Received a gift from Nemelex Xobeh
  3981 | D:4      | Found a runed translucent door.
  3982 | D:4      | Noticed Crazy Yiuf
  4018 | D:4      | Noticed Edmund
  4068 | D:5      | Entered Level 5 of the Dungeon
  4068 | D:5      | Noticed a sky beast
  4160 | D:5      | Killed a sky beast
  4161 | D:5      | Gained mutation: You curl defensively after being hit. (AC
                  | +7*) [Palentonga growth]
  4161 | D:5      | Reached XP level 7. HP: 55/55 MP: 7/7
  4293 | D:5      | Reached skill level 8 in Axes
  4320 | D:5      | Found a staircase to the Ecumenical Temple.
  4640 | Temple   | Entered the Ecumenical Temple
  4786 | D:5      | Found a hazy altar of Hepliaklqana.
  4857 | D:5      | Found a basalt altar of Yredelemnul.
  4881 | D:5      | Found Wistui Eble's Serpentskin Sales.
  4886 | D:5      | Bought a scroll of poison for 44 gold pieces
  4958 | D:5      | Reached skill level 9 in Axes
  5163 | D:6      | Noticed a shadow
  5207 | D:6      | Reached XP level 8. HP: 62/62 MP: 8/8
  5231 | D:6      | Reached **** piety under Nemelex Xobeh
  5262 | D:6      | Slain by an orc warrior

Illustrated notes

Levels and vault maps discovered:
D:1:      tarquinn_simple_flora_water_a, layout_basic,
          shapermc_ecumenical_altar_acropolis
D:2:      layout_loops_ring, uniq_robin
D:3:      layout_loops_cross, mainiacjoe_overflow_catwalk,
          mainiacjoe_overflow_surrounded_room
D:4:      layout_layer_cave, mainiacjoe_overflow_six_doors_small,
          minmay_mini_ossuary, uniq_eustachio, uniq_edmund,
          uniq_crazy_yiuf_cottage
D:5:      layout_loops_ring, nicolae_hepliaklqana_monster_ancestors,
          mainiacjoe_overflow_chevrons, minmay_temple_entry_sparse_star,
          grunt_decor_fettered, guppyfry_shop_venom
D:6:      layout_basic, minmay_unpleasant_kobolds
Temple:   kb_temple_of_zot

Skill      XL: |  1  2  3  4  5  6  7 |
---------------+----------------------+-----
Axes           | 3 4 5 6 7 9 |  9.6
Fighting       | |  3.0
Armour         | |  2.4
Shields        | |  2.6

Action                   |  1- 3 |  4- 6 |  7- 9 || total
-------------------------+-------+-------+-------++-------
Melee: War axe           |    82 |   115 |    77 ||   274
       Tailslap          |     4 |    11 |    11 ||    26
Invok: Draw Destruction  |       |     8 |       ||     8
 Abil: Rolling Charge    |    12 |    29 |     7 ||    48
 Stab: Sleeping          |       |     1 |       ||     1
Armor: Scale mail        |    40 |    55 |    16 ||   111
Dodge: Dodged            |    25 |    35 |    44 ||   104
Block: Buckler           |    12 |    26 |    12 ||    50
